[Event "Nordic Youth-ch A 2019"]
[Site "Borgarnes"]
[Date "2019.02.15"]
[Round "1.1"]
[White "Keinanen, Toivo"]
[Black "Fossan, Andreas"]
[Result "1-0"]
[ECO "A40"]
[WhiteElo "2403"]
[BlackElo "2025"]
[Annotator "NA RC"]
[PlyCount "107"]
[EventDate "2019.02.03"]
[EventType "swiss"]
[EventCountry "ISL"]
[SourceTitle "playchess.com"]
[Source "ChessBase"]
[SourceQuality "1"]
[TimeControl "40/5400+30:1800+30"]

1. d4 Nf6 2. c4 e6 3. g3 Bb4+ 4. Bd2 Qe7 5. Bg2 Nc6 6. Nf3 Bxd2+ 7. Nbxd2 a5 8. O-O d6 9. e4 e5 10. d5 Nb8 11. Qa4+ {[%emt 0:00:01] E11: Bogo-Indian} (11. Ne1 O-O 12. Nd3 Bg4 13. Qc2 Be2 14. Rfe1 Bxd3 15. Qxd3 c6 16. h3 Nbd7 17. b3 cxd5 18. exd5 Qd8 19. g4 h6 20. Qe3 Qb6 {1-0 (120) Li,C (2720)-Henriquez Villagra,C (2517) Doha 2016}) 11... Nbd7 12. a3 O-O 13. b4 b6 14. Rfc1 $146 ({Predecessor:} 14. Qb3 Bb7 15. Nh4 g6 16. Bh3 c6 17. Qe3 Rfe8 18. Rfc1 Qf8 19. Nb3 axb4 20. axb4 Rxa1 21. Rxa1 {0-1 (65) Mankeyev,R (2381)-Rogers,I (2547) Reykjavik 2006}) 14... Ba6 15. Ne1 Rfb8 16. Qc2 Bb7 17. Nd3 c5 18. dxc6 Bxc6 19. Qb2 h5 20. Ne1 h4 21. Nc2 hxg3 22. hxg3 Nf8 23. Ne3 Ne6 24. Nd5 Bxd5 25. cxd5 Nd4 26. Nf3 Nxf3+ 27. Bxf3 Nh7 28. Rc6 Ng5 29. Bg2 Qf6 30. Re1 b5 31. Re3 g6 32. bxa5 Rxa5 33. Rb3 Rba8 34. Rcc3 Rb8 35. Rb4 Kg7 36. Qb3 Rh8 (36... Qd8 $11) 37. Rxb5 Rxb5 $11 38. Qxb5 Nh3+ 39. Bxh3 Rxh3 40. Kg2 Rh8 41. Qd3 Qg5 42. Qf3 Qh6 43. Kf1 Rb8 44. Rc2 Ra8 45. Rc7 Rf8 46. Kg2 Qd2 47. Rd7 Kg8 48. Rxd6 Rc8 49. Rd7 f5 50. exf5 Rc3 51. Qg4 g5 52. f6 Rc2 53. Qe6+ Kh8 54. Qe8# 1-0

[Event "Nordic Youth-ch A 2019"]
[Site "Borgarnes"]
[Date "2019.02.15"]
[Round "1.5"]
[White "Tryggestad, Andreas Garberg"]
[Black "Holm, Filip"]
[Result "1-0"]
[ECO "E70"]
[WhiteElo "2351"]
[BlackElo "1960"]
[Annotator "NA"]
[PlyCount "61"]
[EventDate "2019.02.03"]
[EventType "swiss"]
[EventCountry "ISL"]
[SourceTitle "playchess.com"]
[Source "ChessBase"]
[SourceQuality "1"]
[TimeControl "40/5400+30:1800+30"]

1. d4 Nf6 2. c4 g6 3. Nc3 Bg7 4. e4 d6 5. Bd3 O-O 6. Nge2 e5 7. d5 Na6 8. a3 Nc5 9. Bc2 a5 10. f3 h5 11. Bg5 Bd7 12. b4 axb4 13. axb4 Rxa1 14. Qxa1 Na6 15. Qb2 Qc8 16. Be3 b6 17. O-O Nh7 18. Ra1 c5 19. dxc6 Be6 20. Nd5 Bxd5 21. cxd5 f5 22. Bxb6 fxe4 23. Bxe4 Ng5 24. b5 Nxe4 25. fxe4 Nc5 26. Bxc5 dxc5 27. b6 Bh6 28. b7 Qc7 29. h3 Be3+ 30. Kh1 g5 31. Qb3 1-0

[Event "Nordic Youth-ch A 2019"]
[Site "Borgarnes"]
[Date "2019.02.15"]
[Round "1.10"]
[White "Szczepanowski, Tomasz"]
[Black "Liu, Casper"]
[Result "0-1"]
[ECO "A40"]
[WhiteElo "1882"]
[BlackElo "2126"]
[Annotator "NA"]
[PlyCount "42"]
[EventDate "2019.02.03"]
[EventType "swiss"]
[EventCountry "ISL"]
[SourceTitle "playchess.com"]
[Source "ChessBase"]
[SourceQuality "1"]
[TimeControl "40/5400+30:1800+30"]

1. d4 Nc6 2. c4 e5 3. e3 exd4 4. exd4 d5 5. Nf3 Bg4 6. Be3 Nf6 7. Nc3 Be7 8. Rc1 O-O 9. cxd5 Nxd5 10. Bd3 Nxe3 11. fxe3 Bh4+ 12. g3 Bg5 13. Kf2 Re8 14. Re1 Bxf3 15. Qxf3 Nxd4 16. exd4 Qxd4+ 17. Kg2 Bxc1 18. Rxc1 Re3 19. Qxb7 Rae8 20. Rd1 Rxd3 21. Qb5 Rd2+ 0-1

[Event "Nordic Youth-ch A 2019"]
[Site "Borgarnes"]
[Date "2019.02.15"]
[Round "1.11"]
[White "Fuglestein, Sander"]
[Black "Ehrenreich, Simon"]
[Result "1-0"]
[ECO "A40"]
[WhiteElo "2024"]
[BlackElo "1756"]
[Annotator "NA RC"]
[PlyCount "81"]
[EventDate "2019.02.03"]
[EventType "swiss"]
[EventCountry "ISL"]
[SourceTitle "playchess.com"]
[Source "ChessBase"]
[SourceQuality "1"]
[TimeControl "40/5400+30:1800+30"]

1. d4 g6 2. c4 Bg7 3. Nf3 d6 4. g3 Nd7 5. Bg2 c5 (5... e5 6. O-O exd4 7. Nxd4 Ne7 8. Nc3 O-O 9. e4 Nc6 10. Be3 Nde5 11. Nxc6 bxc6 12. b3 Nxc4 13. bxc4 Bxc3 14. Rc1 Bg7 15. c5 Bb7 16. Qa4 a5 17. Rfd1 Qe7 18. Rb1 {½-½ (30) Erdos,V (2605)-Mamedov,R (2703) Skopje 2018}) 6. Nc3 {[%emt 0:04:33] A41: 1 d4 d6: Tartakower System and Modern Defence} a6 7. O-O Nh6 8. e4 $146 ({Predecessor:} 8. d5 O-O 9. e4 f5 10. Re1 fxe4 11. Nxe4 Nf5 12. Neg5 Ne5 13. Nxe5 Bxe5 {1-0 (32) Strikovic,A (2506)-De La Pena Llerandi,A (1478) Pontevedra 2016}) 8... O-O 9. Re1 Re8 10. h3 f5 11. Bxh6 fxe4 12. Bxg7 exf3 13. Bh6 fxg2 14. Kxg2 b6 15. Qf3 Nf6 16. d5 b5 17. b3 e5 18. Bg5 Rf8 19. g4 h6 20. Bxh6 Rf7 21. Bg5 Qf8 22. Qg3 b4 (22... Bd7 $142 23. a3 Rb8) 23. Ne4 Nxe4 24. Rxe4 a5 25. Rd1 a4 26. Rd3 axb3 27. axb3 Ra1 28. Ree3 Ra2 29. Rf3 Raa7 30. Rxf7 Rxf7 31. Rf3 Bb7 32. Rxf7 Qxf7 33. Qf3 (33. Qh4 $142) 33... Qxf3+ 34. Kxf3 Kf7 35. Ke4 Bc8 36. f4 exf4 $18 37. Kxf4 Ba6 38. Kg3 Kg7 39. Bc1 Kf6 40. Bb2+ Kg5 41. Bg7 1-0

[Event "Nordic Youth-ch A 2019"]
[Site "Borgarnes"]
[Date "2019.02.15"]
[Round "1.12"]
[White "Nielsen, Jon I Horni"]
[Black "Wartiovaara, Oliver"]
[Result "0-1"]
[ECO "B33"]
[WhiteElo "1756"]
[BlackElo "2021"]
[Annotator "NA RC"]
[PlyCount "58"]
[EventDate "2019.02.03"]
[EventType "swiss"]
[EventCountry "ISL"]
[SourceTitle "playchess.com"]
[Source "ChessBase"]
[SourceQuality "1"]
[TimeControl "40/5400+30:1800+30"]

1. e4 c5 2. Nf3 Nc6 3. d4 cxd4 4. Nxd4 Nf6 5. Nc3 e5 6. Ndb5 d6 7. Bg5 a6 8. Na3 b5 9. Nd5 Be7 10. Bxf6 Bxf6 11. c3 Bg5 12. Be2 O-O 13. O-O Be6 14. Nc2 Ne7 15. Nce3 Bxe3 16. Nxe3 d5 17. exd5 Nxd5 18. Bf3 Nxe3 19. fxe3 Rb8 20. Qc2 f5 21. Rfe1 e4 22. Be2 Qg5 23. Bf1 h5 24. a4 Bc4 25. Bxc4+ bxc4 26. Rad1 Rb3 27. Rd4 Rfb8 28. Rb1 Qxe3+ 29. Kh1 Rxb2 0-1

[Event "Nordic Youth-ch A 2019"]
[Site "Borgarnes"]
[Date "2019.02.15"]
[Round "1.14"]
[White "Gudmundsson, Gunnar Erik"]
[Black "Falkevall, Axel"]
[Result "0-1"]
[ECO "E33"]
[WhiteElo "1693"]
[BlackElo "2070"]
[Annotator "NA RC"]
[PlyCount "58"]
[EventDate "2019.02.03"]
[EventType "swiss"]
[EventCountry "ISL"]
[SourceTitle "playchess.com"]
[Source "ChessBase"]
[SourceQuality "1"]
[TimeControl "40/5400+30:1800+30"]

1. d4 Nf6 2. c4 e6 3. Nc3 Bb4 4. Qc2 Nc6 5. Nf3 d6 6. Bg5 O-O 7. e3 h6 8. Bh4 e5 9. Be2 exd4 10. exd4 Bg4 11. Rd1 Bxf3 12. Bxf3 Re8+ 13. Be2 Qe7 14. a3 Bxc3+ 15. bxc3 g5 16. Bg3 Ne4 17. Rd3 f5 18. h4 f4 19. Bh2 Nxc3 20. Rxc3 Nxd4 21. Qg6+ Qg7 22. Qxg7+ Kxg7 23. Kd2 Rxe2+ 24. Kd1 c5 25. hxg5 hxg5 26. Re1 Rae8 27. Rxe2 Rxe2 28. Bg1 Ra2 29. Bh2 Rxf2 0-1

[Event "Nordic Youth-ch A 2019"]
[Site "Borgarnes"]
[Date "2019.02.15"]
[Round "1.15"]
[White "Shehzad, Shazil"]
[Black "Iskos, Lukas"]
[Result "1/2-1/2"]
[ECO "C46"]
[WhiteElo "1959"]
[BlackElo "1678"]
[Annotator "NA RC"]
[PlyCount "80"]
[EventDate "2019.02.03"]
[EventType "swiss"]
[EventCountry "ISL"]
[SourceTitle "playchess.com"]
[Source "ChessBase"]
[SourceQuality "1"]
[TimeControl "40/5400+30:1800+30"]

1. e4 Nc6 2. Nf3 e5 3. Nc3 Bc5 4. Nxe5 Nxe5 5. d4 Bd6 6. dxe5 Bxe5 7. Bc4 Nf6 {[%emt 0:01:27] C46: 3 Nc3: Unusual Black 3rd moves} (7... Bxc3+ 8. bxc3 d6 9. O-O Ne7 10. Qh5 O-O 11. Bg5 Qe8 12. Rfe1 Nc6 13. Re3 Kh8 14. Rae1 f6 15. Qxe8 Rxe8 {0-1 (53) Friedrich,N (2324)-Maiorov,N (2531) Vaujany 2014}) 8. O-O O-O 9. Qd3 h6 10. f4 Bxc3 11. bxc3 d6 12. Ba3 $146 ({Predecessor:} 12. e5 Ne8 13. Ba3 Be6 14. Rad1 Bxc4 15. Qxc4 {1-0 (25) Mencos,C (1912)-Emhemed,I (1493) Khanty-Mansiysk 2010}) 12... Re8 13. e5 d5 14. Rad1 c6 15. Bb3 Ne4 16. Qf3 a5 17. Bc4 Qb6+ 18. Kh1 h5 19. Rd4 Bg4 20. Qe3 Nxc3 21. Qxc3 dxc4 22. Qxc4 Be2 23. Qxe2 Qxd4 24. Qxh5 Qc4 25. Qf3 Qxc2 26. Bd6 Qxa2 27. f5 a4 28. f6 g6 29. Qf4 Qe2 30. Kg1 Qh5 31. g4 Qh4 $19 32. Rf3 b6 33. Kg2 g5 34. Qf5 Qh6 35. Rh3 Qg6 36. Rh5 Qxf5 37. gxf5 a3 38. Rxg5+ Kh8 39. Rh5+ Kg8 40. Rg5+ Kh8 1/2-1/2

[Event "Nordic Youth-ch A 2019"]
[Site "Borgarnes"]
[Date "2019.02.15"]
[Round "1.16"]
[White "Sinitsyn, Anton"]
[Black "Dale, Gunnar Brandshaug"]
[Result "0-1"]
[ECO "A16"]
[WhiteElo "1621"]
[BlackElo "1889"]
[Annotator "NA RC"]
[PlyCount "104"]
[EventDate "2019.02.03"]
[EventType "swiss"]
[EventCountry "ISL"]
[SourceTitle "playchess.com"]
[Source "ChessBase"]
[SourceQuality "1"]
[TimeControl "40/5400+30:1800+30"]

1. c4 Nf6 2. Nc3 g6 3. g3 Bg7 4. Bg2 O-O 5. d4 d6 6. e3 e5 7. Nge2 c6 8. O-O Nbd7 9. b3 Re8 10. d5 c5 11. Bb2 h5 12. h4 Qe7 13. e4 Ng4 14. Nb5 Rf8 15. Bc1 a6 16. Nbc3 Kh7 17. f3 Nh6 18. Qd3 f5 19. Bg5 Nf6 20. f4 Nf7 21. Bxf6 Bxf6 22. Rae1 exf4 23. Nxf4 Bd4+ 24. Kh2 Ne5 25. Qd2 Qg7 26. Nce2 Ng4+ 27. Kh1 Nf2+ 28. Kh2 Ng4+ 29. Kh1 Bf2 30. Rb1 Be3 31. Qc3 Nf2+ 32. Kh2 Ng4+ 33. Kh1 fxe4 34. Qxg7+ Kxg7 35. Nc3 Bf5 36. Ne6+ Bxe6 37. dxe6 Nf2+ 38. Kh2 Rae8 39. Nxe4 Ng4+ 40. Kh1 Rxe6 41. Rxf8 Kxf8 42. Re1 Bd4 43. Bf3 Ne3 44. Ng5 Re7 45. Bd5 Nxd5 46. Ne6+ Rxe6 47. Rxe6 Ne7 48. Rxd6 Be5 49. Rd8+ Kf7 50. Rd3 Ke6 51. Kg2 Nf5 52. Rd5 Ne3+ 0-1

[Event "Nordic Youth-ch A 2019"]
[Site "Borgarnes"]
[Date "2019.02.15"]
[Round "1.17"]
[White "Sakic, Matija"]
[Black "Kvaloy, Aksel Bu"]
[Result "0-1"]
[ECO "A00"]
[WhiteElo "1421"]
[BlackElo "2066"]
[Annotator "NA RC"]
[PlyCount "42"]
[EventDate "2019.02.03"]
[EventType "swiss"]
[EventCountry "ISL"]
[SourceTitle "playchess.com"]
[Source "ChessBase"]
[SourceQuality "1"]
[TimeControl "40/5400+30:1800+30"]

1. g3 e5 2. Bg2 d5 3. d3 Nc6 4. Nf3 Nge7 5. O-O g6 6. c4 Bg7 7. Nc3 d4 8. Ne4 O-O 9. Ne1 f5 10. Nd2 Kh8 11. Nc2 a5 12. Rb1 Nb4 13. a3 Nxc2 14. Qxc2 a4 15. b4 axb3 16. Nxb3 Qd6 17. Bd2 c5 18. Na5 Qc7 19. Nxb7 Ra7 20. Qb3 Bxb7 21. Bxb7 Rb8 0-1

[Event "Nordic Youth-ch A 2019"]
[Site "Borgarnes"]
[Date "2019.02.15"]
[Round "1.18"]
[White "Medhus, Vitus Bondo"]
[Black "Knudsen, Philip Uhre"]
[Result "1-0"]
[ECO "C42"]
[WhiteElo "1788"]
[BlackElo "1394"]
[Annotator "NA"]
[PlyCount "67"]
[EventDate "2019.02.03"]
[EventType "swiss"]
[EventCountry "ISL"]
[SourceTitle "playchess.com"]
[Source "ChessBase"]
[SourceQuality "1"]
[TimeControl "40/5400+30:1800+30"]

1. e4 e5 2. Nf3 Nf6 3. Nxe5 Nc6 4. Nxc6 dxc6 5. Nc3 Bc5 6. Bc4 Qd4 7. Qe2 Bg4 8. f3 Bd7 9. a4 a6 10. d3 O-O 11. Nd1 b5 12. Be3 Qd6 13. Ba2 h5 14. c3 Bxe3 15. Nxe3 c5 16. Nc2 Rfe8 17. O-O h4 18. Rfe1 Nh5 19. Rad1 Qg6 20. b4 Nf4 21. Qd2 Bh3 22. Ne3 Bxg2 23. Nxg2 h3 24. Bxf7+ Kxf7 25. Qxf4+ Kg8 26. Re2 Rf8 27. Qe5 cxb4 28. cxb4 Rxf3 29. Qd5+ Kh7 30. Qxa8 Qb6+ 31. d4 Qg6 32. e5 Qh5 33. Qe4+ Kh6 34. Qh4 1-0

[Event "Nordic Youth-ch A 2019"]
[Site "Borgarnes"]
[Date "2019.02.15"]
[Round "1.19"]
[White "Moller, Tomas"]
[Black "Olsen, William Alexander"]
[Result "0-1"]
[ECO "B15"]
[WhiteElo "1226"]
[BlackElo "1646"]
[Annotator "NA RC"]
[PlyCount "46"]
[EventDate "2019.02.03"]
[EventType "swiss"]
[EventCountry "ISL"]
[SourceTitle "playchess.com"]
[Source "ChessBase"]
[SourceQuality "1"]
[TimeControl "40/5400+30:1800+30"]

1. e4 c6 2. d4 d5 3. Nc3 dxe4 4. Nxe4 Nf6 5. Ng3 h5 6. h4 c5 7. c3 e6 8. Nf3 cxd4 9. Qxd4 Qxd4 10. Nxd4 a6 11. Bd3 Nbd7 12. Bd2 Nc5 13. Bc2 Bd6 14. O-O-O Ng4 15. Rhf1 Nxf2 16. Rxf2 Bxg3 17. Rf3 Bxh4 18. Rdf1 Bf6 19. Be3 Nd7 20. a4 Ne5 21. Rh3 Nc4 22. b3 Nxe3 23. Rxe3 Bg5 0-1

[Event "Nordic Youth-ch A 2019"]
[Site "Borgarnes"]
[Date "2019.02.15"]
[Round "2.4"]
[White "Skaale, Janus"]
[Black "Mejlvang, Magnus"]
[Result "0-1"]
[ECO "C02"]
[WhiteElo "1765"]
[BlackElo "1880"]
[Annotator "NA RC"]
[PlyCount "88"]
[EventDate "2019.02.03"]
[EventType "swiss"]
[EventCountry "ISL"]
[SourceTitle "playchess.com"]
[Source "ChessBase"]
[SourceQuality "1"]
[TimeControl "40/5400+30:1800+30"]

1. e4 e6 2. d4 d5 3. e5 c5 4. c3 Nc6 5. Nf3 Bd7 6. Be2 Qb6 7. a3 Rc8 8. O-O cxd4 {[%emt 0:16:50] C02: French: Advance Variation} 9. cxd4 Na5 10. b4 Nc4 11. Nbd2 (11. Nc3 Ne7 12. Na4 Qc7 13. Nc5 Bc6 14. a4 b6 15. Nd3 Bd7 16. Rb1 {1-0 (41) Areshchenko,A (2664)-Mammadov,Z (2482) Baku 2014}) 11... Nxd2 12. Bxd2 Ne7 $146 ({Predecessor:} 12... Bb5 13. Rc1 Rxc1 14. Bxb5+ Qxb5 15. Qxc1 Qd7 16. Qc3 Be7 {½-½ (49) Dutschak,H (2320)-Roemer,U (2230) Germany 1992}) 13. Rc1 Nc6 14. Be3 Be7 15. g3 a6 16. h4 Na7 17. Rxc8+ Nxc8 18. Kg2 Bb5 19. Bxb5+ Qxb5 20. h5 $11 h6 21. g4 Nb6 22. Rh1 Nc4 23. Bc1 a5 24. g5 axb4 25. axb4 Qxb4 26. g6 O-O 27. gxf7+ Rxf7 28. Qd3 Rf5 29. Rh3 Qa4 30. Rg3 Kf8 31. Nh2 Qe8 32. Rg6 Qf7 33. Qc2 Rxh5 34. Rg3 Rf5 35. Rb3 Bh4 36. Nf3 Bd8 37. Ba3+ Kg8 38. Bc5 b6 39. Ba3 Qg6+ 40. Kf1 Qh5 41. Ke2 Rf4 42. Bc1 Rxd4 43. Rd3 Re4+ 44. Be3 Nxe5 0-1

[Event "Nordic Youth-ch A 2019"]
[Site "Borgarnes"]
[Date "2019.02.15"]
[Round "2.5"]
[White "Sjoberg, Isak"]
[Black "Tryggestad, Andreas Garberg"]
[Result "1/2-1/2"]
[ECO "B40"]
[WhiteElo "2250"]
[BlackElo "2351"]
[Annotator "NA RC"]
[PlyCount "67"]
[EventDate "2019.02.03"]
[EventType "swiss"]
[EventCountry "ISL"]
[SourceTitle "playchess.com"]
[Source "ChessBase"]
[SourceQuality "1"]
[TimeControl "40/5400+30:1800+30"]

1. e4 c5 2. Nf3 e6 3. b3 b6 4. Bb2 Bb7 5. Nc3 Nc6 6. d4 cxd4 7. Nxd4 Bc5 {[%emt 0:00:07] B40: Sicilian: 2...e6, Unusual lines} 8. Ndb5 Qb8 9. Qg4 $146 ({Predecessor:} 9. Nd5 Kf8 10. Ndc7 a6 11. Qxd7 Nf6 12. Bxf6 gxf6 13. Nxe6+ fxe6 14. Nc7 Nd4 15. O-O-O {0-1 (67) Perdomo,C (2320)-Psakhis,L (2610) Groningen 1995}) 9... Kf8 10. Nd5 f6 11. Nbc7 Nb4 ({Much weaker is} 11... exd5 $6 12. Qxd7 Nce7 13. Nxa8 $11) (11... h5 $17 12. Qh3 Nb4 13. Nxa8 Nxc2+ 14. Kd1 Nxa1) 12. Nxb4 Bxb4+ 13. c3 Qxc7 14. cxb4 Qc2 15. Qe2 Qxe4 16. Qxe4 Bxe4 17. f3 Bb7 18. Bb5 a6 19. Bd3 Ne7 20. Bd4 Nd5 21. Be4 b5 22. Rc1 Kf7 23. Kd2 Bc6 24. Bc5 Nf4 25. Bd6 Nxg2 26. Bxc6 dxc6 27. Rxc6 Rhd8 $2 (27... e5 $19 28. Rc7+ Ke6) 28. Rg1 $1 Rd7 29. Rxg2 Rad8 30. Rxa6 Rxd6+ 31. Rxd6 Rxd6+ 32. Ke3 e5 33. a4 f5 $11 34. Rc2 1/2-1/2

[Event "Nordic Youth-ch A 2019"]
[Site "Borgarnes"]
[Date "2019.02.15"]
[Round "2.8"]
[White "Holm, Filip"]
[Black "Fjallheim, Leif Reinert"]
[Result "1-0"]
[ECO "C50"]
[WhiteElo "1960"]
[BlackElo "1712"]
[Annotator "NA RC"]
[PlyCount "89"]
[EventDate "2019.02.03"]
[EventType "swiss"]
[EventCountry "ISL"]
[SourceTitle "playchess.com"]
[Source "ChessBase"]
[SourceQuality "1"]
[TimeControl "40/5400+30:1800+30"]

1. e4 e5 2. Nf3 Nc6 3. Bc4 Bc5 4. d3 Nf6 5. O-O d6 6. Bg5 h6 7. Bh4 g5 {[%emt 0:10:27] C50: Hungarian Defence and Giuoco Pianissimo} 8. Bg3 Bg4 (8... h5 9. Nxg5 h4 10. Nxf7 hxg3 11. Nxd8 Bg4 12. Qd2 Nd4 13. Nf7 Rxh2 14. Ng5 Ke7 15. Qe3 Ne2+ 16. Qxe2 Bxe2 17. d4 Rah8 18. Nh3 Bxc4 19. dxc5 Bxf1 20. cxd6+ cxd6 21. Kxf1 Rh1+ {0-1 (21) Mladek,R (2299)-Tomczak,M (2432) Pardubice 2018}) 9. h3 Bh5 10. c3 Bb6 11. b4 Qd7 12. a4 $146 ({Predecessor:} 12. Nbd2 g4 13. hxg4 Bxg4 14. a4 a5 15. Bb5 axb4 16. cxb4 {1-0 (34) Kolisch,I-Paulsen,L London (London CC) 1861}) 12... a5 13. b5 Nd8 14. Nbd2 Ne6 15. Bxe6 Qxe6 16. Qc2 Rg8 17. Rae1 Bxf3 18. Nxf3 Nh5 19. Kh2 $1 O-O-O 20. d4 f6 21. Qd3 Rg7 ({Black should play} 21... g4 $15 22. Nh4 gxh3 23. gxh3 Ng7) 22. Nd2 Nf4 23. Bxf4 gxf4 24. Nc4 Rdg8 25. Rg1 $1 Rg5 26. g3 Rh5 27. gxf4 exf4 28. Nxb6+ cxb6 29. d5 (29. Rxg8+ $18 {and White stays clearly on top.} Qxg8 30. Qf3) 29... Qf7 (29... Rg3 $1 $14 30. Rxg3 (30. dxe6 $2 {leads to mate.} Rhxh3#) 30... fxg3+ 31. Qxg3 Rxd5) 30. Qf3 Rh4 (30... Rhg5 $16 {was necessary.}) 31. Rxg8+ Qxg8 32. Rg1 Qf7 33. Rg4 Rxg4 34. Qxg4+ $18 ({Much less strong is} 34. hxg4 Qh7 $18) 34... Kd8 35. Qxf4 Qf8 36. Qf5 Qe7 37. Kg3 Ke8 38. Kg4 Kf8 39. f4 Kg7 40. Qe6 Qc7 41. Kf5 Qxc3 42. Qe7+ Kh8 43. Qe8+ Kg7 44. Qg6+ Kf8 45. Qxf6+ 1-0

[Event "Nordic Youth-ch A 2019"]
[Site "Borgarnes"]
[Date "2019.02.15"]
[Round "2.10"]
[White "Liu, Casper"]
[Black "Fuglestein, Sander"]
[Result "1/2-1/2"]
[ECO "D00"]
[WhiteElo "2126"]
[BlackElo "2024"]
[Annotator "NA RC"]
[PlyCount "71"]
[EventDate "2019.02.03"]
[EventType "swiss"]
[EventCountry "ISL"]
[SourceTitle "playchess.com"]
[Source "ChessBase"]
[SourceQuality "1"]
[TimeControl "40/5400+30:1800+30"]

1. d4 d5 2. Bf4 Nf6 3. e3 e6 4. Nf3 Bd6 5. Bg3 O-O 6. Bd3 c5 7. c3 b6 8. Nbd2 Bb7 9. Ne5 Nc6 10. O-O Qc7 11. f4 Ne7 {[%emt 0:01:10] D02: 1 d4 d5 2 Nf3 sidelines, including 2...Nf6 3 g3 and 2...Nf6 3 Bf4} 12. Qf3 (12. Qb1 Qc8 13. Bh4 Nf5 14. Bxf5 exf5 15. Bxf6 gxf6 16. Nef3 Qe6 17. Re1 Ba6 18. Nh4 cxd4 19. exd4 {1-0 (28) Korobov,A (2692)-Dominguez Perez,L (2739) Doha 2016}) 12... Nf5 13. Be1 Be7 14. g4 Nd6 15. g5 Nfe4 16. Qh5 $146 ({Predecessor:} 16. Qh3 Qc8 17. Ndf3 Ba6 18. Bxa6 Qxa6 19. g6 hxg6 20. Nxg6 fxg6 21. Qxe6+ {1-0 (43) Papakonstantinou,G (1612)-Vasilakis,G (1730) Rio 2018}) 16... f6 17. g6 h6 18. Ng4 Nf5 19. Nxe4 c4 20. Nexf6+ Bxf6 21. Bxf5 exf5 22. Qxf5 Rae8 23. Qh5 Bc8 24. Bf2 (24. Qxd5+ $16 Be6 25. Qh5 (25. Nxf6+ Rxf6 26. Qh5 Qd7 $14)) 24... Qd7 25. h3 Bd8 26. Ne5 Qxh3 27. Qxh3 Bxh3 28. Rfe1 Bf5 29. b3 b5 30. b4 a5 31. a4 axb4 32. cxb4 bxa4 33. Rxa4 Re6 34. b5 $17 (34. Rea1 $11 {keeps the balance.}) 34... Rb6 35. e4 Bxe4 36. Bg3 1/2-1/2

[Event "Nordic Youth-ch A 2019"]
[Site "Borgarnes"]
[Date "2019.02.15"]
[Round "2.11"]
[White "Davidsson, Oskar Vikingur"]
[Black "Aalto, Patrik"]
[Result "1/2-1/2"]
[ECO "C60"]
[WhiteElo "1941"]
[BlackElo "1985"]
[Annotator "NA RC"]
[PlyCount "136"]
[EventDate "2019.02.03"]
[EventType "swiss"]
[EventCountry "ISL"]
[SourceTitle "playchess.com"]
[Source "ChessBase"]
[SourceQuality "1"]
[TimeControl "40/5400+30:1800+30"]

1. e4 e5 2. Nf3 Nc6 3. Bb5 g6 4. O-O Bg7 {[%emt 0:00:08] LiveBook: 432 Games} 5. c3 a6 6. Ba4 d6 7. h3 Nf6 8. Re1 {[%emt 0:00:27] C60: Ruy Lopez: Unusual Black 3rd moves and 3...g6} O-O 9. d4 Bd7 10. Bg5 (10. Nbd2 h6 11. Nf1 Re8 12. Ng3 b5 13. Bc2 exd4 14. cxd4 Nb4 15. Bb1 c5 16. d5 a5 17. a3 Na6 18. Bf4 {1-0 (57) Ivanchuk,V (2726)-Mamedyarov,S (2799) Huaian 2017}) 10... h6 11. Bh4 Qe8 12. dxe5 dxe5 13. Nbd2 Nh5 $146 ({Predecessor:} 13... Rd8 14. Bb3 Na5 15. Qc2 Bb5 16. Re3 {1-0 (47) Klek,H (2363)-Kulon,K (2346) Germany 2018}) 14. Nf1 Nf4 (14... b5 $5 15. Bb3 a5 $11) 15. Ne3 g5 16. Bg3 Qc8 17. Nd5 b5 18. Bb3 Kh8 19. Rc1 (19. Bc2 $16) 19... Rd8 (19... Bxh3 $1 $11 {keeps the balance.} 20. gxh3 Qxh3) 20. Bxf4 exf4 {[%emt 0:05:20] [#]} (20... gxf4 $16 {was called for.} 21. Ng5 Be8) 21. Nxg5 $1 hxg5 $2 (21... Be8 22. Qh5 f6 23. Nf7+ Bxf7 24. Qxf7 Ne5) 22. Qh5+ {[%emt 0:00:07] Double Attack} Kg8 23. Nf6+ Bxf6 24. Qxf7+ {[%emt 0:00:07] Double Attack} Kh8 25. Qxf6+ Kh7 26. Bf7 (26. Bc2 $142 Rf8 27. e5+ Bf5 28. Qxc6 Bxc2 29. Rxc2) 26... Rg8 27. Bxg8+ Qxg8 {[%emt 0:00:28] [#]} 28. h4 (28. Rcd1 $1 $16 Be6 29. Rd5) 28... Rf8 29. Qxg5 Qxg5 30. hxg5 Be6 31. f3 Ne5 32. Ra1 Nd3 33. Reb1 c5 (33... a5 $11) 34. b3 c4 35. bxc4 Bxc4 36. a4 Rc8 37. axb5 Bxb5 38. Ra3 Kg6 39. Rd1 Kxg5 40. c4 Bxc4 41. Raxd3 Bxd3 42. Rxd3 Rc5 43. Rd8 a5 44. Ra8 Kf6 45. Rf8+ Ke5 46. Rf5+ Kd4 $1 47. Rxf4 Kc3 48. Rf8 a4 49. Ra8 Kb4 50. g4 Ra5 51. Rb8+ Kc3 52. Rb1 Kc2 53. Ra1 Kb2 54. Re1 Re5 55. f4 Re8 56. e5 a3 57. Kf2 a2 58. Re2+ Kb3 59. Rxa2 Kxa2 60. Ke3 Kb3 {[%emt 0:00:29] [#]} 61. Kd4 $1 Rd8+ {[%emt 0:00:18] [#]} 62. Ke4 $2 (62. Kc5 $1 $18 Rc8+ 63. Kd6 Rd8+ 64. Ke7) 62... Kc4 63. e6 Rg8 64. g5 Kc5 65. Ke5 Kc6 66. Kf6 $11 Rf8+ 67. Ke5 Rg8 68. Kf6 Rf8+ 1/2-1/2

[Event "Nordic Youth-ch A 2019"]
[Site "Borgarnes"]
[Date "2019.02.15"]
[Round "2.12"]
[White "Luu, Robert"]
[Black "Szczepanowski, Tomasz"]
[Result "1-0"]
[ECO "A52"]
[WhiteElo "1687"]
[BlackElo "1882"]
[Annotator "NA RC"]
[PlyCount "41"]
[EventDate "2019.02.03"]
[EventType "swiss"]
[EventCountry "ISL"]
[SourceTitle "playchess.com"]
[Source "ChessBase"]
[SourceQuality "1"]
[TimeControl "40/5400+30:1800+30"]

1. d4 Nf6 2. c4 e5 3. dxe5 Ng4 4. Nf3 Nc6 5. Nc3 Ngxe5 6. Nxe5 Nxe5 7. e3 Bc5 8. a3 a5 9. b3 d6 10. Bb2 O-O 11. Qc2 Re8 12. O-O-O Ng4 13. Kb1 Qg5 14. Ka2 Bf5 15. Qd2 c6 16. g3 Rad8 17. h3 Nf6 18. Bd3 d5 19. cxd5 Nxd5 20. Qc2 Be6 21. Ne4 1-0

[Event "Nordic Youth-ch A 2019"]
[Site "Borgarnes"]
[Date "2019.02.15"]
[Round "2.14"]
[White "Falkevall, Axel"]
[Black "Briem, Benedikt"]
[Result "1-0"]
[ECO "C07"]
[WhiteElo "2070"]
[BlackElo "1868"]
[Annotator "NA RC"]
[PlyCount "45"]
[EventDate "2019.02.03"]
[EventType "swiss"]
[EventCountry "ISL"]
[SourceTitle "playchess.com"]
[Source "ChessBase"]
[SourceQuality "1"]
[TimeControl "40/5400+30:1800+30"]

1. e4 e6 2. d4 d5 3. Nd2 c5 4. exd5 Qxd5 5. Ngf3 Nf6 6. Bc4 Qd8 7. O-O cxd4 8. Nb3 {[%emt 0:00:50] C07: French Tarrasch: 3...c5, 4 Ngf3 and 4 exd5 Qxd5} Be7 (8... Nc6 9. Qe2 Bd6 10. Rd1 O-O 11. Nbxd4 Nxd4 12. Rxd4 Qc7 13. Bg5 e5 14. Rh4 Bf5 15. Bxf6 gxf6 16. Bd3 Bg6 17. Rc4 Qd7 18. Rd1 {½-½ (34) Rublevsky,S (2681)-Alekseev,E (2632) Khanty-Mansiysk 2016}) 9. Nbxd4 O-O 10. Qe2 a6 11. Bf4 b5 12. Bb3 Bb7 $146 ({Predecessor:} 12... Qb6 13. Rfd1 Bc5 {½-½ (44) Shahaliyev,I (2206)-Sibashvili,G (2364) Batumi 2014}) 13. Rad1 Qb6 14. Rfe1 Nd5 $2 (14... Nc6 $11 {and Black has nothing to worry.}) 15. Bg3 Bf6 16. Ne5 Rd8 {[%emt 0:13:07] [#]} 17. Nxf7 $1 Kxf7 18. Qh5+ Kg8 19. Rxe6 Nc6 20. Bxd5 g6 21. Rxc6+ Rxd5 22. Qxd5+ Kh8 23. Rxb6 1-0